 Dungeon Crawl Stone Soup version 0.28-a0-973-ga7f8b01127 (webtiles) character file.

Game seed: 1992787433715489046

278 night the Firebug (level 6, -2/49 HPs)
             Began as a Naga Fire Elementalist on Dec 1, 2021.
             Was a Plaything of Xom.
             Slain by a mummy (16 damage)
             ... in an ossuary.
             The game lasted 00:08:07 (4081 turns).

night the Firebug (Naga Fire Elementalist)          Turns: 4081, Time: 00:08:08

Health: -2/49      AC:  3    Str: 11    XL:     6   Next: 26%
Magic:  2/11       EV:  9    Int: 17    God:    Xom [..*...]
Gold:   137        SH:  0    Dex: 11    Spells: 2/12 levels left

rFire   + . .      SeeInvis +   h - +0 trident
rCold   . . .      Faith    .   (no shield)
rNeg    . . .      Spirit   .   a - +0 robe
rPois   +          Reflect  .   (no helmet)
rElec   .          Harm     .   (no cloak)
rCorr   .          Rampage  .   (no gloves)
Will    .....                   (no barding)
Stlth   ++........              (no amulet)
HPRegen 0.16/turn               (no ring)
MPRegen 0.12/turn               (no ring)

@: very slow
A: AC +2, large, see invisible, deformed body, poison resistance, slowness 2,
spit poison 1, naga tail 1, fire resistance 1, screaming 1
a: Spit Poison, Renounce Religion


You were in an ossuary.
You worshipped Xom.
You were a toy of Xom.
You visited 1 branch of the dungeon, and saw 4 of its levels.
You also visited: Ossuary.

You collected 137 gold pieces.

Inventory:

Hand Weapons
 f - a +0 war axe
 h - a +0 trident (weapon)
 m - a +1 falchion of protection
Missiles
 e - 86 stones
 i - 2 curare-tipped darts
 j - 15 arrows
 o - 16 bolts
Armour
 a - a +0 robe (worn)
Scrolls
 c - 2 scrolls of blinking
 d - a scroll of teleportation
Potions
 l - a potion of lignification
 n - a potion of degeneration {unknown}


   Skills:
 - Level 1.5 Dodging
 - Level 3.0 Stealth
 + Level 3.7 Spellcasting
 + Level 3.5 Conjurations
 + Level 4.6 Fire Magic


You had 2 spell levels left.
You knew the following spells:

 Your Spells              Type           Power      Damage    Failure   Level
a - Foxfire               Conj/Fire      64%        2x1d7     3%          1
b - Scorch                Fire           36%        2d6       3%          2
c - Conjure Flame         Conj/Fire      16%        6-21      10%         3
d - Flame Wave            Conj/Fire      16%        2d5       30%         4

Your spell library contained the following spells:

 Spells                   Type           Power      Damage    Failure   Level
 Inner Flame              Hex/Fire       11%        N/A       19%         3


Dungeon Overview and Level Annotations

Branches:
Dungeon (4/15)            Ossuary (1/1)
 Temple: D:4-7

Altars:
Okawaru
Ru
Xom
Beogh

Annotations:
D:3 2 transporters, Karim's ghost, amateur GnAE


Innate Abilities, Weirdness & Mutations

Your serpentine skin is tough. (AC +2)
You have supernaturally acute eyesight. (SInv)
Armour fits poorly on your strangely shaped body.
Your system is resistant to poisons. (rPois)
You cover ground very slowly.
You can spit poison.
You have a snake-like lower body.
Your flesh is heat resistant. (rF+)
You occasionally shout uncontrollably at your foes.


Message History

Your butterfly dies!
Your butterfly disappears in a puff of smoke!
You hit the mummy.
The mummy is moderately damaged.
The mummy hits you!
* * * LOW HITPOINT WARNING * * *
You feel much better.
Casting: Foxfire (safe; 3% risk of failure)
Confirm with . or Enter, or press ? or * to list all spells.
You conjure some foxfire!
The mummy barely misses you.
The foxfire hits the mummy.
The mummy is burned terribly!
The mummy is heavily damaged.
Unknown command.
You barely miss the mummy.
The mummy is heavily damaged.
The foxfire hits the mummy!
The mummy is burned terribly!
The mummy is almost destroyed.
The mummy hits you.
You hit the mummy but do no damage.
The mummy is almost destroyed.
The mummy barely misses you. The mummy hits you!
* * * LOW HITPOINT WARNING * * *
You hit the mummy.
You destroy the mummy!
Your butterfly disappears in a puff of smoke!
You barely miss the mummy.
The mummy is heavily damaged.
Your butterfly disappears in a puff of smoke!
The mummy barely misses you.
You hit the mummy but do no damage.
The mummy is heavily damaged.
The mummy closely misses you.
You hit the mummy but do no damage.
The mummy is heavily damaged.
The mummy barely misses you.
You hit the mummy but do no damage.
The mummy is heavily damaged.
Okay, then.
The mummy hits you!
You die...

#######
#.#.#.#
#...@M#
##...##
#.∩.#
#...#
#.∩.#
#...#
##+##


You could see a mummy.

Vanquished Creatures
  2 scorpions
  A centaur skeleton (D:4)
  2 mummies (Ossuary)
  2 adders (D:2)
  An ufetubus (D:4)
  2 worms (D:2)
  A dart slug (D:2)
  2 orcs
  7 ball pythons
  3 bats
  6 endoplasms
  4 giant cockroaches
  10 hobgoblins
  5 jackals
  4 quokkas
  2 frilled lizards
  6 goblins
  6 kobolds
  8 rats
74 creatures vanquished.

Vanquished Creatures (others)
  132 foxfires
132 creatures vanquished.

Grand Total: 206 creatures vanquished

Notes
Turn   | Place    | Note
-------+----------+-------------------------------------------
     0 | D:1      | night the Naga Fire Elementalist began the quest for the
                  | Orb.
     0 | D:1      | Reached XP level 1. HP: 15/15 MP: 3/3
    86 | D:1      | Reached XP level 2. HP: 22/22 MP: 0/5
   478 | D:1      | Found a faded altar of an unknown god.
   482 | D:1      | Prayed at the altar of an unknown god.
   482 | D:1      | Became a worshipper of Xom of Unknown Intent
   511 | D:1      | XOM: potion effect (curing)
  1168 | D:2      | Reached XP level 3. HP: 26/28 MP: 3/6
  1262 | D:2      | Learned a level 2 spell: Scorch
  1399 | D:2      | HP: 4/28 [poisoned by an adder]
  1731 | D:2      | Reached skill level 2 in Conjurations
  1871 | D:2      | XOM: silly message
  1962 | D:2      | Reached XP level 4. HP: 36/36 MP: 4/8
  2383 | D:2      | Learned a level 3 spell: Conjure Flame
  2515 | D:2      | XOM: divination: magic mapping
  2832 | D:3      | Noticed a scorpion
  2861 | D:2      | XOM is BORED!
  2861 | D:2      | XOM: summons 1 hostile shadow creature
  2912 | D:2      | Killed a scorpion
  2913 | D:2      | Reached skill level 4 in Fire Magic
  2913 | D:2      | Reached XP level 5. HP: 24/42 MP: 2/9
  3101 | D:3      | Found a transporter.
  3168 | D:3      | Found an iron altar of Okawaru.
  3182 | D:3      | Learned a level 4 spell: Flame Wave
  3316 | D:3      | Found a sacrificial altar of Ru.
  3395 | D:3      | XOM: 3-stop teleportation journey
  3405 | D:3      | XOM: give mutations
  3405 | D:3      | Gained mutation: Your flesh is heat resistant. (rF+) [Xom's
                  | mischief]
  3405 | D:3      | Gained mutation: You occasionally shout uncontrollably at
                  | your foes. [Xom's mischief]
  3405 | D:3      | Gained mutation: You are weak. (Str -2) [Xom's mischief]
  3405 | D:3      | Lost mutation: You are weak. (Str -2) [Xom's mischief]
  3546 | D:3      | Found a transporter.
  3672 | D:3      | Noticed Karim's ghost (amateur GnAE)
  3841 | D:4      | XOM: divination: detect creatures
  3877 | D:4      | Reached XP level 6. HP: 25/49 MP: 0/11
  3909 | D:4      | XOM: noise
  4045 | D:4      | Found a sand-covered staircase.
  4052 | Ossuary  | Entered an ossuary
  4057 | Ossuary  | XOM: butterfly on damage
  4081 | Ossuary  | Slain by a mummy

Illustrated notes

Levels and vault maps discovered:
D:1:      erik_arrival_blinker_ship, layout_loops_ring,
          hellmonk_ecumenical_altar_defaced_shrine, chequers_big_river
D:2:      layout_basic
D:3:      layout_loops_ring, nicolae_ru_great_annihilating_truth,
          okawaru_trees_2, gammafunk_ghost_abyssal_escape
D:4:      layout_cave_pools, cheibrodos_worm_habitat, zin_treasury,
          lightli_ossuary_entry_decrepit_ruins
Ossuary:  ossuary_minmay_chase

Skill      XL: |  1  2  3  4  5 |
---------------+----------------+-----
Conjurations   | 2 3 |  3.5
Spellcasting   | 3 |  3.7
Fire Magic     | 4 |  4.6
Dodging        | |  1.5
Stealth        | |  3.0

Action                   |  1- 3 |  4- 6 || total
-------------------------+-------+-------++-------
Melee: War axe           |     9 |     4 ||    13
       Trident           |       |    44 ||    44
 Cast: Foxfire           |    41 |    36 ||    77
       Scorch            |     5 |    20 ||    25
       Flame Wave        |       |     1 ||     1
 Abil: Spit Poison       |       |     2 ||     2
  Use: Scroll            |       |     4 ||     4
       Potion            |       |     1 ||     1
 Stab: Sleeping          |       |     4 ||     4
Armor: Robe              |     9 |     9 ||    18
Dodge: Dodged            |    15 |    40 ||    55

Table legend: (Time is in decaauts)
 A = Elapsed time spent in this place.
 B = Non-inter-level travel time spent in this place.
 C = Inter-level travel time spent in this place.
 D = Time resting spent in this place.
 E = Time spent auto-exploring this place.
 F = Levels seen in this place.
 G = Mean time per level.
                   A        B        C        D        E       F      G
               +--------+--------+--------+--------+--------+-----+--------+
         Total |   4884 |   4775 |    109 |    196 |   3957 |   5 |  976.8 |
       Dungeon |   4848 |   4739 |    109 |    196 |   3957 |   4 | 1212.0 |
       Ossuary |     35 |     35 |      0 |      0 |      0 |   1 |   35.0 |
               +--------+--------+--------+--------+--------+-----+--------+

Top non-repeatable levels by time:
     D:2: 2037 daAuts
     D:1: 1452 daAuts
     D:3: 1084 daAuts
     D:4: 274 daAuts
 Ossuary: 35 daAuts
